 Dungeon Crawl Stone Soup version 0.25-b1-46-gb8a1ec05df (webtiles) character file.

Game seed: 8226776067389693216

43 Chiseanne the Skirmisher (level 3, -5/28 HPs)
             Began as a Demonspawn Wanderer on June 10, 2020.
             Slain by a hobgoblin
             ... wielding a +0 club
             ... led by Robin
              (11 damage)
             ... on level 1 of the Dungeon.
             The game lasted 00:01:55 (1522 turns).

Chiseanne the Skirmisher (Demonspawn Wanderer)      Turns: 1522, Time: 00:01:56

Health: -5/28      AC:  4    Str: 13    XL:     3   Next: 37%
Magic:  4/4        EV: 12    Int: 14    God:
Gold:   30         SH:  0    Dex: 11    Spells: 3/4 levels left

rFire    . . .     SeeInvis .   a - +2 falchion
rCold    . . .     Gourm    .   (no shield)
rNeg     . . .     Faith    .   j - +1 leather armour
rPois    .         Spirit   .   (no helmet)
rElec    .         Reflect  .   (no cloak)
rCorr    .         Harm     .   (no gloves)
MR       .....                  (no boots)
Stlth    +.........             (no amulet)
HPRegen  0.09/turn              (no ring)
MPRegen  0.09/turn              (no ring)

@: no status effects
A: talons 1
a: no special abilities


You were on level 1 of the Dungeon.
You were not hungry.

You visited 1 branch of the dungeon, and saw 2 of its levels.

You collected 30 gold pieces.

Inventory:

Hand Weapons
 a - a +2 falchion (weapon)
Missiles
 e - 23 stones (quivered)
 m - 29 sling bullets
Armour
 j - a +1 leather armour (worn)
Jewellery
 k - an uncursed amulet of faith
Scrolls
 b - 2 scrolls of teleportation
 g - a scroll of fog
 h - 3 scrolls of remove curse
Potions
 c - 2 potions of mutation {unknown}
 i - 2 potions of lignification {unknown}
 l - a potion of curing
Comestibles
 d - 2 chunks of flesh
 f - 3 rations


   Skills:
 * Level 2.3 Fighting
 - Level 1.0 Long Blades
 * Level 0.4 Armour
 * Level 2.1 Dodging
 - Level 1.0 Spellcasting
   Level 2.1 Necromancy
 - Level 1.7 Earth Magic
   Level 2.0 Evocations


You had 3 spell levels left.
You knew the following spells:

 Your Spells              Type           Power        Failure   Level  Hunger
a - Sandblast             Erth           #.....       16%         1    ##.....

Your spell library contained the following spells:

 Spells                   Type           Power        Failure   Level  Hunger
 Stone Arrow              Conj/Erth      #.....       56%         3    ####...


Dungeon Overview and Level Annotations

Branches:
Dungeon (2/15)

Altars:

Annotations:
D:2 Robin


Innate Abilities, Weirdness & Mutations

You have sharp toenails.


Message History

You are too injured to fight recklessly!
You are too injured to fight recklessly!
You are too injured to fight recklessly!
You barely miss the hobgoblin. Your kick misses the hobgoblin.
The hobgoblin completely misses you.
You riposte.
You closely miss the hobgoblin. You claw the hobgoblin.
The hobgoblin is moderately wounded.
The hobgoblin hits you but does no damage.
The goblin hits you.
You completely miss the hobgoblin. You claw the hobgoblin.
The hobgoblin is severely wounded.
The hobgoblin barely misses you.
You riposte.
You hit the hobgoblin but do no damage. You claw the hobgoblin.
The hobgoblin is severely wounded.
The hobgoblin hits you with a +0 club. The goblin hits you.
* * * LOW HITPOINT WARNING * * *
The hobgoblin closely misses you.
You see here a +0 club.
The hobgoblin hits you with a +0 club!
You die...

###################
#...........).g@..##############
#.###.......÷gg.................
#.# #.#######†)...###...........
#.# #.##..........# #.##########
#.# #.##..........###.##########
#.# #.##........................
#.# #.########....###...........
##.###.# #....#######...####
#......# #................#.


You could see 2 hobgoblins and a goblin (strong).

Vanquished Creatures
  2 oozes
  A dart slug (D:1)
  A leopard gecko (D:1)
  2 giant cockroaches
  8 hobgoblins
  3 bats (D:1)
  2 frilled lizards (D:1)
  5 goblins
  5 kobolds
29 creatures vanquished.

Notes
Turn   | Place    | Note
-------+----------+-------------------------------------------
     0 | D:1      | Chiseanne the Demonspawn Wanderer began the quest for the
                  | Orb.
     0 | D:1      | Chiseanne set off with the following items: a +2 falchion,
                  | a scroll of teleportation, a +0 robe, a ration; and the
                  | following spell memorised: Sandblast; and the following
                  | spells available to memorise: Stone Arrow
     0 | D:1      | Reached XP level 1. HP: 15/15 MP: 2/2
   204 | D:1      | Gained mutation: You have sharp toenails. [demonic
                  | ancestry]
   204 | D:1      | Reached XP level 2. HP: 16/21 MP: 3/3
  1160 | D:2      | Reached XP level 3. HP: 18/27 MP: 4/4
  1167 | D:2      | HP: 1/27 [goblin/stone[Robin] (6)]
  1171 | D:2      | Noticed Robin
  1522 | D:1      | Slain by a hobgoblin

Illustrated notes

Levels and vault maps discovered:
D:1:      psy_arrival_whirlpool, layout_basic
D:2:      layout_basic, grunt_temple_overflow_cloverleaf,
          grunt_temple_overflow_open, uniq_robin

Skill      XL: |  1  2 |
---------------+-------+-----
Fighting       | 2 |  2.3
Dodging        | 2 |  2.1
Long Blades    | |  1.0
Armour         | |  0.4
Spellcasting   | |  1.0
Necromancy     | |  2.1
Earth Magic    | |  1.7
Evocations     | |  2.0

Action                   || total
-------------------------++-------
Melee: Falchion          ||    71
       Kick              ||    18
  Use: Scroll            ||     6
       Potion            ||     1
  Eat: Chunk             ||     2
Armor: Robe              ||    17
       Leather armour    ||    17
Dodge: Dodged            ||    96
       Rpst.: Falchion   ||    30
